 Dungeon Crawl Stone Soup version 0.30.1-3-gfc49f6343a (webtiles) character file.

Game seed: 2219158089776623341

242 spardeous the Conjurer (level 5, -1/85 HPs)
             Began as a Demigod Conjurer on Aug 8, 2023.
             Killed by divine providence
             ... invoked by an orc priest
              (12 damage)
             ... on level 4 of the Dungeon.
             The game lasted 00:03:26 (4129 turns).

spardeous the Conjurer (Demigod Conjurer)           Turns: 4129, Time: 00:03:26

Health: -1/85      AC: 22    Str:  7 (8)  XL:     5   Next: 51%
Magic:  7/13       EV:  2    Int: 21 (24) God:
Gold:   160        SH:  2    Dex:  9 (12) Spells: 4/11 levels left

rFire   . . .        s - +2 trident (heavy)
rCold   . . .        o - +0 buckler
rNeg    . . .        a - melded +0 robe
rPois   +            (helmet currently unavailable)
rElec   .            n - melded +0 cloak
rCorr   .            (gloves currently unavailable)
SInv    .            j - melded +2 pair of boots
Will    .....        (no amulet) Stlth
                     (no ring)
HPRegen 0.34/turn    (no ring)
MPRegen 0.13/turn

%: no passive effects
@: brilliant, berserking, tree-form, hasted, very quick
A: stationary, stasis, torment immunity, boosted hp, high MP 1, forlorn, divine
attributes
a: no special abilities


You were on level 4 of the Dungeon.
You were a tree.
You visited 1 branch of the dungeon, and saw 4 of its levels.

You collected 160 gold pieces.

Inventory:

Hand Weapons
 s - a +2 heavy trident (weapon)
Armour
 a - a +0 robe (melded)
 j - a +2 pair of boots (melded)
 n - a +0 cloak (melded)
 o - a +0 buckler (worn)
Scrolls
 b - 4 scrolls of poison {unknown}
 d - 2 scrolls of enchant armour {unknown}
 f - 2 scrolls of blinking {unknown}
 g - 5 scrolls of identify {unknown}
 i - a scroll of fear {unknown}
 k - 2 scrolls of teleportation {unknown}
 p - 2 scrolls of vulnerability {unknown}
 r - a scroll of noise {unknown}
Potions
 c - a potion of attraction {unknown}
 e - a potion of degeneration
 t - a potion of ambrosia {unknown}
 u - a potion of curing {unknown}


   Skills:
 - Level 1.7 Dodging
 - Level 1.7 Stealth
 + Level 3.8 Spellcasting
 + Level 5.2 Conjurations


You had 4 spell levels left.
You knew the following spells:

 Your Spells              Type           Power      Damage    Failure   Level
a - Magic Dart            Conj           100%       1d8       2%          1
b - Searing Ray           Conj           78%        2d7       3%          2
c - Iskenderun's Mystic   Conj/Tloc      22%        2d6       56%         4

Your spell library contained the following spells:

 Spells                   Type           Power      Damage    Failure   Level
 Summon Small Mammal      Summ           24%        N/A       21%         1
 Dazzling Flash           Conj/Hex       44%        N/A       21%         3
 Blink                    Tloc           12%        N/A       30%         2
 Ensorcelled Hibernation  Hex/Ice        12%        N/A       30%         2
 Passwall                 Tmut/Erth      5%         N/A       30%         2
 Call Canine Familiar     Summ           6%         N/A       52%         3
 Summon Guardian Golem    Hex/Summ       6%         N/A       52%         3
 Swiftness                Air            6%         N/A       52%         3
 Fulminant Prism          Conj/Hex       11%        3d8       56%         4
 Manifold Assault         Tloc           6%         N/A       90%         4
 Storm Form               Tmut/Air       3%         N/A       100%        7


Dungeon Overview and Level Annotations

Branches:
Dungeon (4/15)
 Temple: D:4-7


Innate Abilities, Weirdness & Mutations

You are a tree.
Your roots penetrate the ground, keeping you stationary.
You cannot be teleported.
You are immune to unholy pain and torment.
Your maximum health is greatly increased.
Your equipment is partially melded.
You have an increased reservoir of magic. (+10% MP)
You shall have no god before yourself.
Your divine heritage dramatically boosts your attributes as you level up.


Message History

The searing ray hits the kobold!
You kill the kobold!
The searing ray hits the orc wizard!
The orc wizard is almost dead.
You feel sick.
The orc wizard gestures at you while chanting.
The puff of flame hits you.
* * * LOW HITPOINT WARNING * * *
You take 6 damage, and have 15/38 hp.
You now have 7/13 mp.
The searing ray hits the orc wizard.
You kill the orc wizard!
You feel sick.
You now have 6/13 mp.
It was a potion of degeneration.
There was something very wrong with that liquid.
You feel weakened.
You feel dopey.
You feel clumsy.
You feel sick.
The orc priest mumbles some strange prayers to Beogh against you.
Pain shoots through your body!
* * * LOW HITPOINT WARNING * * *
You take 9 damage, and have 6/38 hp.
MASSIVE DAMAGE!!
It was a potion of brilliance.
You feel clever all of a sudden.
You feel sick.
Your magical contamination has completely faded away.
You take 1 damage, and have 5/38 hp.
It was a potion of haste.
You feel yourself speed up.
You feel sick.
You are no longer poisoned.
You take 1 damage, and have 4/38 hp.
It was a potion of lignification.
You turn into a tree.
Your +0 cloak melds into your body.
Your +2 pair of boots melds into your body.
Your +0 robe melds into your body.
Your roots penetrate the ground.
You now have 7/57 hp.
It was a potion of berserk rage.
A red film seems to cover your vision as you go berserk!
You feel yourself moving faster!
You feel mighty!
The orc priest calls down the wrath of Beogh upon you.
Beogh smites you!
You die...

#################
#....)..........#
########.##########..#.#
...))o)♣.# ..........#.#
########## #####.<..#..
.......###### ######. ##


You could see an orc priest.

Vanquished Creatures
  A hound (D:3)
  Natasha (thrice) (D:2)
  An orc wizard (D:4)
  6 adders
  A worm (D:2)
  2 dart slugs
  2 orcs (D:4)
  4 bats
  6 endoplasms
  2 giant cockroaches (D:1)
  5 goblins
  A hobgoblin (D:2)
  4 jackals (D:3)
  3 quokkas (D:1)
  2 ball pythons
  3 frilled lizards
  5 kobolds
  7 rats
58 creatures vanquished.

Notes
Turn   | Place    | Note
-------+----------+-------------------------------------------
     0 | D:1      | spardeous the Demigod Conjurer began the quest for the Orb.
     0 | D:1      | Reached XP level 1. HP: 14/14 MP: 5/5
   263 | D:1      | Reached XP level 2. HP: 20/20 MP: 5/7
   413 | D:1      | Reached skill level 4 in Conjurations
  1059 | D:2      | Learned a level 2 spell: Searing Ray
  1069 | D:2      | Reached XP level 3. HP: 21/26 MP: 5/9
  1757 | D:2      | Noticed Natasha
  1766 | D:2      | Killed Natasha
  1767 | D:2      | Reached XP level 4. HP: 11/33 MP: 3/11
  2539 | D:2      | Noticed Natasha
  2570 | D:2      | Killed Natasha
  2596 | D:2      | Learned a level 4 spell: Iskenderun's Mystic Blast
  3303 | D:2      | Noticed Natasha
  3307 | D:2      | Killed Natasha
  3865 | D:3      | Reached skill level 5 in Conjurations
  3865 | D:3      | Reached XP level 5. HP: 38/38 MP: 7/13
  4129 | D:4      | Killed from afar by an orc priest

Illustrated notes

Levels and vault maps discovered:
D:1:      wander_arrival_estate, layout_rooms
D:2:      layout_rooms, serial_co_window_serial, co_window_corner_a,
          co_window_paths_a, co_window_paths_a, co_window_paths_b,
          co_window_of_opportunity_a, co_window_cross_2,
          co_window_unsneaky_path_c, co_window_broadway_b,
          co_window_unsneaky_path_d, co_window_cross_4, co_window_2corner,
          co_window_2corner, glass_columns_a, glass_columns_b, glass_columns_a,
          glass_columns_c, uniq_natasha
D:3:      layout_rooms, grunt_temple_overflow_growth_and_decay
D:4:      layout_loops_ring, riverfiend_overflow_shadow_ancestor,
          minmay_temple_entry_poolview, minmay_crystal_water

Skill      XL: |  1  2  3  4 |
---------------+-------------+-----
Spellcasting   | 2 3 |  3.8
Conjurations   | 4 5 |  5.2
Dodging        | |  1.7
Stealth        | |  1.7

Action                     |  1- 3 |  4- 6 || total
---------------------------+-------+-------++-------
  Melee: Unarmed           |     6 |       ||     6
   Cast: Magic Dart        |    73 |    44 ||   117
         Searing Ray       |     2 |     4 ||     6
    Use: Potion            |     1 |     5 ||     6
 Armour: Robe              |     6 |     3 ||     9
  Dodge: Dodged            |    21 |     4 ||    25
  Block: Buckler           |       |     2 ||     2
